 Dungeon Sprint DCSS version 0.30-a0-121-gb27577e5d9 (webtiles) character file.

Game seed: 6065629388315741709

555 rocky1 the Basher (level 7, -3/87 HPs)
             Began as an Ogre Gladiator on Sept 15, 2022.
             Was an Initiate of Gozag.
             Killed by divine providence
             ... invoked by an orc priest
              (10 damage)
             ... in the Dungeon (Sprint VII: "The Pits").
             The game lasted 00:02:19 (1058 turns).

rocky1 the Basher (Ogre Gladiator)                  Turns: 1058, Time: 00:02:20

Health: -3/87      AC: 10    Str: 21    XL:     7   Next: 30%
Magic:  7/7        EV: 12    Int:  9    God:    Gozag
Gold:   999        SH:  0    Dex: 10    Spells: 6/6 levels left

rFire   . . .      SeeInvis .    o - +1 mace (protect)
rCold   . . .      Faith    .    (no shield)
rNeg    . . .      Spirit   .    b - +0 robe
rPois   .          Reflect  .    c - +0 hat
rElec   .          Harm     .    (no cloak)
rCorr   .          Rampage  .    (gloves unavailable)
Will    .....      NoTele   +    (boots unavailable)
Stlth   +.........               (no amulet)
HPRegen 0.24/turn                (no ring)
MPRegen 0.10/turn                (no ring)

@: gold aura, under a protective aura
A: large, unfitting armour, tough skin 1
a: Renounce Religion, Potion Petition, Call Merchant, Bribe Branch


You were in the Dungeon.
You worshipped Gozag.
Gozag was pleased with you.
You visited 1 branch You collected 999 gold pieces.

Inventory:

Hand Weapons
 a - a +0 flail
 o - a +1 mace of protection (weapon)
Missiles
 d - 3 throwing nets (quivered)
 e - a large rock
Armour
 b - a +0 robe (worn)
 c - a +0 hat (worn)
Scrolls
 k - a scroll of blinking
 m - 5 scrolls of amnesia
 n - a scroll of summoning
Potions
 f - 6 potions of curing
 g - 6 potions of heal wounds
 h - a potion of haste
 i - 4 potions of magic
 j - 2 potions of berserk rage
 l - 2 potions of invisibility


   Skills:
 + Level 10.3 Fighting
 * Level 10.3 Maces & Flails
 - Level 2.0 Throwing
 + Level 7.5 Dodging


You had 6 spell levels left.
You didn't know any spells.
Your spell library was empty.

Dungeon Overview and Level Annotations

Branches:
Dungeon (1/1)

Altars:
Ashenzari
Cheibriados
Dithmenos
Elyvilon
Fedhas
Gozag
Hepliaklqana
Kikubaaqudgha
Makhleb
Nemelex Xobeh
Okawaru
Qazlal
Ru
Sif Muna
Trog
Uskayaw
Vehumet
Wu Jian
Xom
Yredelemnul
Zin
The Shining One
Jiyva
Lugonu


Innate Abilities, Weirdness & Mutations

You are too large for most types of armour.
You have tough skin. (AC +1)


Message History

You barely miss the kobold. The kobold barely misses you.
You hit the kobold.
The kobold is moderately wounded.
The kobold hits you with a +0 short sword.
You barely miss the kobold.
The kobold is moderately wounded.
The kobold misses you.
You hit the kobold.
You kill the kobold!
The orc priest mumbles some strange prayers to Beogh against you.
Beogh smites you!
The orc priest hits you but does no damage.
Things that are here:
54 gold pieces; a +0 short sword You hit the orc priest but do no damage.
The orc priest barely misses you.
You barely miss the orc priest.
The orc priest calls down the wrath of Beogh upon you.
Beogh smites you!
* * * LOW HITPOINT WARNING * * *
You barely miss the orc priest. You thump the orc priest!
The orc priest is heavily wounded.
The orc priest misses you.
You sock the orc priest!
The orc priest is almost dead.
The orc priest invokes the aid of Beogh against you.
Beogh smites you!
* * * LOW HITPOINT WARNING * * *
You barely miss the orc priest.
The orc priest is almost dead.
The orc priest is distracted by your dazzling golden aura.
You strike the helpless orc priest from behind!
You hit the orc priest but do no damage.
The orc priest is no longer distracted by gold.
The orc priest is almost dead.
The orc priest calls down the wrath of Beogh upon you.
Beogh smites you!
You die...
Your body crumbles into a pile of gold.

#.#...'.#))##.......#
#.##'####))##.......#
#)#.....#..##.......#
#)#.....#'###...<...#
#.#........##.......#
#.#........##.......#
#'###########.......#
#..#.#.##o.##########
#.......#@#
##.#.#.##$#
#.......#'#
##.#.#.##.+
#.......#'#
##.#.#..).#
##########


You could see an orc priest.

Vanquished Creatures
  2 floating eyes (D)
  2 scorpions (D)
  3 wights (D)
  A killer bee (D)
  An orc priest (D)
  2 ufetubi (D)
  2 orcs (D)
  A giant cockroach (D)
  A goblin (D)
  2 hobgoblins (D)
  3 jackals (D)
  A kobold (D)
  2 frilled lizards (D)
23 creatures vanquished.

Notes
Turn   | Place    | Note
-------+----------+-------------------------------------------
     0 | D        | rocky1 the Ogre Gladiator began the quest for the Orb.
     0 | D        | Reached XP level 1. HP: 22/22 MP: 1/1
    20 | D        | Found a bloodstained altar of Trog.
    20 | D        | Found a shimmering blue altar of Sif Muna.
    20 | D        | Found a viscous altar of Jiyva.
    20 | D        | Found a hazy altar of Hepliaklqana.
    20 | D        | Found an opulent altar of Gozag.
    21 | D        | Found a glowing golden altar of the Shining One.
    21 | D        | Found a glowing silver altar of Zin.
    21 | D        | Found a basalt altar of Yredelemnul.
    21 | D        | Found a shimmering altar of Xom.
    21 | D        | Found an ornate altar of the Wu Jian Council.
    21 | D        | Found a sacrificial altar of Ru.
    21 | D        | Found a stormy altar of Qazlal.
    21 | D        | Found an iron altar of Okawaru.
    21 | D        | Found a sparkling altar of Nemelex Xobeh.
    21 | D        | Found a burning altar of Makhleb.
    21 | D        | Found a blossoming altar of Fedhas.
    21 | D        | Found a white marble altar of Elyvilon.
    21 | D        | Found a shadowy altar of Dithmenos.
    21 | D        | Found a snail-covered altar of Cheibriados.
    25 | D        | Found a corrupted altar of Lugonu.
    25 | D        | Found a radiant altar of Vehumet.
    26 | D        | Found a broken altar of Ashenzari.
    26 | D        | Found an ancient bone altar of Kikubaaqudgha.
    26 | D        | Found a hide-covered altar of Uskayaw.
    28 | D        | Became a worshipper of Gozag Ym Sagoz the Greedy
   145 | D        | Noticed a scorpion
   156 | D        | Killed a scorpion
   157 | D        | Reached skill level 5 in Fighting
   157 | D        | Reached skill level 5 in Maces & Flails
   157 | D        | Reached XP level 2. HP: 35/35 MP: 2/2
   157 | D        | Reached XP level 3. HP: 42/42 MP: 3/3
   157 | D        | Reached XP level 4. HP: 50/50 MP: 4/4
   297 | D        | Noticed a floating eye
   297 | D        | Noticed a scorpion
   305 | D        | Killed a floating eye
   306 | D        | Reached skill level 5 in Dodging
   306 | D        | Reached XP level 5. HP: 62/62 MP: 5/5
   631 | D        | Noticed a floating eye
   644 | D        | Paralysed by a floating eye for 2 turns
   648 | D        | Paralysed by a floating eye for 2 turns
   652 | D        | Reached XP level 6. HP: 49/74 MP: 6/6
   652 | D        | Paralysed by a floating eye for 2 turns
   657 | D        | Paralysed by a floating eye for 2 turns
   661 | D        | Paralysed by a floating eye for 4 turns
   667 | D        | Killed a floating eye
   684 | D        | Reached skill level 10 in Fighting
   684 | D        | Reached skill level 10 in Maces & Flails
   684 | D        | Reached XP level 7. HP: 29/85 MP: 7/7
  1058 | D        | Killed from afar by an orc priest

Illustrated notes

Levels and vault maps discovered:
D:        pitsprint [storerooms_1, entrance_room_1, metal_vault_7, armoury_2,
          mini_pit_1, grid_room_1, main_hall_1, silver_pit, the_coven_1,
          the_vestibule_1, steel_vault_1, golden_pit, hallway_of_sentries,
          crystal_vault_4, iron_vault_2, final_vault]

Skill      XL: |  1  2  3  4  5  6 |
---------------+-------------------+-----
Fighting       | 5 7 8 10 | 10.3
Maces & Flails | 5 7 8 10 | 10.3
Dodging        | 4 5 6 7 |  7.5
Throwing       | |  2.0

Action                   |  1- 3 |  4- 6 |  7- 9 || total
-------------------------+-------+-------+-------++-------
Melee: Flail             |    20 |    21 |       ||    41
       Mace              |       |    35 |    36 ||    71
       Punch             |       |       |     1 ||     1
  Use: Potion            |     1 |       |       ||     1
 Stab: Distracted        |       |       |     1 ||     1
Armor: Robe              |     5 |    23 |     6 ||    34
Dodge: Dodged            |    19 |    28 |    16 ||    63

Table legend: (Time is in decaauts)
 A = Elapsed time spent in this place.
 B = Non-inter-level travel time spent in this place.
 C = Inter-level travel time spent in this place.
 D = Time resting spent in this place.
 E = Time spent auto-exploring this place.
 F = Levels seen in this place.
 G = Mean time per level.
                   A        B        C        D        E       F      G
               +--------+--------+--------+--------+--------+-----+--------+
         Total |   1063 |   1043 |     20 |    740 |      0 |   1 | 1063.0 |
       Dungeon |   1063 |   1043 |     20 |    740 |      0 |   1 | 1063.0 |
               +--------+--------+--------+--------+--------+-----+--------+

Top non-repeatable levels by time:
       D: 1063 daAuts
